 Dungeon Crawl Stone Soup version 0.28.0-43-g3370ac3207 (webtiles) character file.

Game seed: 13096465232195435897

2348 4FPSwarrior the Fighter (level 9, -10/96 HPs)
             Began as an Ogre Hedge Wizard on Mar 20, 2022.
             Was a Believer of Fedhas.
             Mangled by Grum
             ... wielding a +0 halberd
              (18 damage)
             ... on level 8 of the Dungeon.
             The game lasted 00:29:15 (13313 turns).

4FPSwarrior the Fighter (Ogre Hedge Wizard)        Turns: 13313, Time: 00:29:15

Health: -10/96     AC:  5    Str: 20    XL:     9   Next: 43%
Magic:  4/18       EV:  9    Int: 15    God:    Fedhas [**....]
Gold:   488        SH:  0    Dex:  8    Spells: 14/20 levels left

rFire   . . .      SeeInvis .   C - +1 war axe (vorpal)
rCold   . . .      Faith    .   (no shield)
rNeg    . . .      Spirit   .   b - +0 robe
rPois   .          Reflect  .   c - +0 hat
rElec   .          Harm     .   j - +1 cloak
rCorr   .          Rampage  .   (gloves unavailable)
Will    +....                   (boots unavailable)
Stlth   +.........              (no amulet)
HPRegen 0.26/turn               o - ring of willpower
MPRegen 0.16/turn               A - ring of wizardry

@: about to teleport
A: large, unfitting armour, tough skin 1
a: Renounce Religion, Wall of Briars


You were on level 8 of the Dungeon.
You worshipped Fedhas.
Fedhas was pleased with you.
You visited 2 branches of the dungeon, and saw 9 of its levels.

You collected 514 gold pieces.
You spent 26 gold pieces at shops.

Inventory:

Hand Weapons
 k - a +1 dagger of venom
 C - a +1 vorpal war axe (weapon)
 G - a +0 halberd
 K - a +4 long sword
Missiles
 a - a throwing net
 l - 5 boomerangs of dispersal
 p - 4 boomerangs
 E - 244 stones
 H - 23 poisoned darts (quivered)
Armour
 b - a +0 robe (worn)
 c - a +0 hat (worn)
 d - an orb of wrath
 j - a +1 cloak (worn)
Jewellery
 o - a ring of willpower (left hand)
 A - a ring of wizardry (right hand)
Wands
 g - a wand of iceblast (3)
 D - a wand of flame (45)
 I - a wand of polymorph (7)
Scrolls
 e - a scroll of enchant weapon
 i - 2 scrolls of enchant armour {unknown}
 t - 3 scrolls of blinking {unknown}
 x - 4 scrolls of teleportation
 y - 2 scrolls of amnesia
 B - a scroll of vulnerability {unknown}
 J - a scroll of torment {unknown}
Potions
 f - 2 potions of flight
 m - a potion of haste
 n - 2 potions of mutation {unknown}
 q - 3 potions of curing
 r - 2 potions of lignification {unknown}
 s - 3 potions of degeneration
 u - 2 potions of might {unknown}
 v - a potion of attraction {unknown}
 z - 2 potions of brilliance
 F - 2 potions of ambrosia
 L - a potion of invisibility {unknown}


   Skills:
 * Level 8.1 Fighting
 + Level 3.2 Polearms
 + Level 3.9 Throwing
 - Level 1.7 Dodging
 - Level 1.4 Stealth
 + Level 6.1 Spellcasting
 + Level 4.0 Conjurations
 - Level 0.8 Summonings
 + Level 3.4 Translocations
 + Level 3.0 Fire Magic
 + Level 3.6 Invocations


You had 14 spell levels left.
You knew the following spells:

 Your Spells              Type           Power      Damage    Failure   Level
a - Magic Dart            Conj           64%        1d6       1%          1
b - Blink                 Tloc           28%        N/A       2%          2
c - Conjure Flame         Conj/Fire      15%        6-21      4%          3

Your spell library contained the following spells:

 Spells                   Type           Power      Damage    Failure   Level
 Shock                    Conj/Air       40%        1d5       2%          1
 Static Discharge         Conj/Air       10%        N/A       4%          2
 Sandblast                Erth           8%         2d5       6%          1
 Slow                     Hex            16%        N/A       6%          1
 Call Imp                 Summ           7%         N/A       6%          2
 Stone Arrow              Conj/Erth      20%        3d8       8%          3
 Ensorcelled Hibernation  Hex/Ice        8%         N/A       9%          2
 Passwall                 Tmut/Erth      3%         N/A       9%          2
 Mephitic Cloud           Conj/Pois/Air  8%         N/A       11%         3
 Summon Guardian Golem    Hex/Summ       5%         N/A       16%         3
 Swiftness                Air            4%         N/A       17%         3
 Airstrike                Air            2%         N/A       47%         4
 Silence                  Hex/Air        2%         N/A       82%         5
 Orb of Destruction       Conj           8%         9d6       100%        7
 Spellforged Servitor     Conj/Summ      6%         N/A       100%        7
 Maxwell's Capacitive Co  Air            2%         ∞         100%        8


Dungeon Overview and Level Annotations

Branches:
Dungeon (8/15)             Temple (1/1) D:4
   Lair: D:8-11

Altars:
Ashenzari
Cheibriados
Dithmenos
Elyvilon
Fedhas
Gozag
Hepliaklqana
Kikubaaqudgha
Makhleb
Okawaru
Qazlal
Ru
Sif Muna
Trog
Uskayaw
Vehumet
Wu Jian
Xom
The Shining One

Shops:
D:1 ?

Annotations:
D:2 exclusion: spectral thing
D:3 1 runed translucent door, n00bb0dy's ghost, amateur FeDe
D:4 exclusion: ogre, Natasha
D:6 2 runed translucent doors, kelmiir's ghost, novice GrEE
D:8 Grum


Innate Abilities, Weirdness & Mutations

You are too large for most types of armour.
You have tough skin. (AC +1)


Message History

You closely miss the orc.
The wolf howls!
The orc hits you with a +0 short sword.
You hit the orc.
You kill the orc!
Fedhas appreciates your contribution to the ecosystem.
Grum the Hunter comes into view.
He is wielding a +0 halberd.
A yak comes into view.
A wolf comes into view.
Things that are here:
a +0 club; a +0 ring mail; an orc corpse
Things that are here:
a +0 robe; a +0 trident The wolf bites you!
Things that are here:
a +0 trident; a +0 ring mail The wolf bites you!
Items here: ( ) [ †.
You hit the wolf.
The wolf is lightly wounded.
The wolf barely misses you. The wolf bites you!
You barely miss the wolf.
The wolf is lightly wounded.
The wolf bites you. The wolf barely misses you.
You slash the wolf!
The wolf is severely wounded.
The wolf bites you but does no damage. The wolf barely misses you. x2
As you read the scroll labelled KIXTAI ATZU, it crumbles to dust.
You feel strangely unstable.
It was a scroll of teleportation.
The wolf bites you.
You hit the wolf but do no damage.
The wolf is severely wounded.
The wolf bites you. The wolf barely misses you.
Grum hits you from afar with a +0 halberd!
* * * LOW HITPOINT WARNING * * *
The wolf bites you!
* * * LOW HITPOINT WARNING * * *
Grum hits you from afar with a +0 halberd!!
You die...
Fedhas appreciates your contribution to the ecosystem.

....≈.≈≈≈.§.≈)#####.....
#.§§.≈_.(≈.≈§# #.....
##.§≈§≈≈≈≈§.≈§######.###
....§§.§§...≈...........
#.≈§§§§≈≈≈≈..#....#### #
#..§§§§).....)........ ##.
###..######.##....####
##Y..######)#####...#...###
#..##...)Y)oh@.........##
.......<..#g###..##....#
..........#.###.##..####
##....<........##.##
#..........###...#
#..............###
#...........####
#............#
#...........##


You could see Grum, a yak, a wolf and an orc.

Vanquished Creatures
  2 water moccasins (D:7)
  An ice beast (D:7)
  4 black bears
  A centaur (D:6)
  3 kobold brigands (D:6)
  2 bullfrogs
  A gnoll sergeant (D:8)
  A wyvern zombie (D:8)
  3 scorpions
  A wyvern skeleton (D:7)
  4 wights
  A bullfrog zombie (D:5)
  A centaur zombie (D:5)
  2 hounds
  2 jellies
  2 orc priests
  A bullfrog skeleton (D:6)
  An iguana (D:5)
  Natasha (D:4)
  6 orc wizards
  A hound skeleton (D:5)
  A howler monkey zombie (D:5)
  6 gnolls (D:8)
  8 adders
  A white imp (D:7)
  An adder skeleton (D:4)
  3 worms (D:2)
  3 dart slugs
  17 orcs
  3 bats
  3 endoplasms
  2 giant cockroaches
  A goblin (D:1)
  7 hobgoblins
  5 jackals (D:3)
  A quokka (D:3)
  9 ball pythons
  A frilled lizard (D:3)
  15 kobolds
  4 rats
132 creatures vanquished.

Vanquished Creatures (others)
  4 kobolds (D:6)
  A quokka (D:6)
  A plant (D:2)
6 creatures vanquished.

Grand Total: 138 creatures vanquished

Notes
Turn   | Place    | Note
-------+----------+-------------------------------------------
     0 | D:1      | 4FPSwarrior the Ogre Hedge Wizard began the quest for the
                  | Orb.
     0 | D:1      | Reached XP level 1. HP: 16/16 MP: 5/5
   125 | D:1      | Reached skill level 1 in Conjurations
   163 | D:1      | Reached skill level 1 in Fighting
   194 | D:1      | Reached XP level 2. HP: 27/27 MP: 1/6
   402 | D:1      | Found Etutzon's Magic Scroll Shop.
   410 | D:1      | Bought a scroll of identify for 26 gold pieces
   787 | D:1      | Reached skill level 2 in Fighting
  1623 | D:2      | Reached XP level 3. HP: 35/35 MP: 0/8
  2630 | D:2      | Found a faded altar of an unknown god.
  2752 | D:3      | Noticed a scorpion
  2907 | D:3      | Found a runed translucent door.
  2907 | D:3      | Noticed n00bb0dy's ghost (amateur FeDe)
  2927 | D:3      | Reached skill level 3 in Fighting
  2927 | D:3      | Reached XP level 4. HP: 45/45 MP: 3/10
  3456 | D:3      | Reached skill level 1 in Throwing
  3459 | D:3      | Learned a level 2 spell: Blink
  3578 | D:2      | HP: 2/48 [poisoned by an orc]
  4369 | D:2      | Found a faded altar of an unknown god.
  5240 | D:3      | Reached XP level 5. HP: 54/54 MP: 4/11
  5318 | D:3      | Reached skill level 1 in Translocations
  5640 | D:3      | Reached skill level 4 in Fighting
  6045 | D:4      | Learned a level 3 spell: Conjure Flame
  6076 | D:4      | Noticed Natasha
  6076 | D:4      | Noticed a black bear
  6305 | D:4      | Noticed an ogre
  6629 | D:4      | Found a hazy altar of Hepliaklqana.
  6634 | D:4      | Found a staircase to the Ecumenical Temple.
  6721 | Temple   | Entered the Ecumenical Temple
  6782 | Temple   | Became a worshipper of Fedhas Madash
  6942 | D:4      | Got Duveineseo's Catalogue of Lightness
  6961 | D:4      | Killed Natasha
  6962 | D:4      | Reached XP level 6. HP: 63/63 MP: 6/12
  7031 | D:4      | Killed a black bear
  7181 | D:5      | Entered Level 5 of the Dungeon
  7228 | D:4      | Noticed Natasha
  7475 | D:5      | Noticed an ice beast
  7699 | D:4      | Reached skill level 5 in Fighting
  7699 | D:4      | Reached skill level 1 in Fire Magic
  7699 | D:4      | Reached skill level 1 in Invocations
  7730 | D:4      | Reached skill level 1 in Polearms
  7730 | D:4      | Reached XP level 7. HP: 69/72 MP: 14/14
  8154 | D:5      | Found an opulent altar of Gozag.
  8429 | D:5      | Reached skill level 5 in Spellcasting
  8522 | D:5      | Found a broken altar of Ashenzari.
  8909 | D:5      | Reached skill level 6 in Fighting
  9075 | D:6      | Found a runed translucent door.
  9077 | D:6      | Noticed kelmiir's ghost (novice GrEE)
  9091 | D:6      | Reached XP level 8. HP: 49/83 MP: 15/15
  9271 | D:6      | Found a runed translucent door.
  9310 | D:6      | Found a white marble altar of Elyvilon.
  9320 | D:6      | Reached * piety under Fedhas
  9651 | D:6      | Found a stormy altar of Qazlal.
 10630 | D:7      | Found an ancient bone altar of Kikubaaqudgha.
 10661 | D:7      | Reached skill level 7 in Fighting
 10903 | D:7      | Found a radiant altar of Vehumet.
 11283 | D:7      | Reached XP level 9. HP: 88/93 MP: 11/17
 12064 | D:7      | Reached ** piety under Fedhas
 12688 | D:8      | Found a shadowy altar of Dithmenos.
 12713 | D:8      | Found a shimmering blue altar of Sif Muna.
 12950 | D:8      | Reached skill level 8 in Fighting
 13304 | D:8      | Noticed Grum
 13313 | D:8      | Mangled by Grum

Illustrated notes

Levels and vault maps discovered:
D:1:      mainiacjoe_arrival_reflecting_pool, layout_loops_ring, serial_shops,
          nicolae_shop_temple_entry_statues_fountains
D:2:      layout_loops_corners, dreamdust_ecumenical_altar_drowned_temple,
          serial_bayou_crossing
D:3:      layout_rooms, gammafunk_ghost_grave, chequers_hall_statues_y
D:4:      layout_basic, lemuel_crystal_altar, minmay_temple_entry_metal_lava,
          minmay_between, uniq_natasha
D:5:      layout_rooms, kennysheep_mini, mainiacjoe_overflow_tiny_flanked,
          grunt_ministairs_12
D:6:      layout_gridville, elyvilon_altar_4, grunt_qazlal_sundering,
          ebering_ghost_sewer_f
D:7:      layout_loops_cross, lemuel_round_altar, kiku_gazebo_pond_becter
D:8:      layout_rooms, mainiacjoe_overflow_catwalk_spiral, old_standard_altar,
          lair_entry_dummy, uniq_grum
Temple:   zaba_magenta_temple

Skill      XL: |  1  2  3  4  5  6  7  8  9 |
---------------+----------------------------+-----
Conjurations   | 1 2 3 4 |  4.0
Fighting       | 1 2 3 4 5 6 7 8 |  8.1
Spellcasting   | 4 5 6 |  6.1
Throwing       | 1 2 3 |  3.9
Translocations | 1 2 3 |  3.4
Fire Magic     | 1 2 3 |  3.0
Invocations    | 1 2 3 |  3.6
Polearms       | 1 2 3 |  3.2
Dodging        | |  1.7
Stealth        | |  1.4
Summonings     | |  0.8

Action                   |  1- 3 |  4- 6 |  7- 9 || total
-------------------------+-------+-------+-------++-------
Melee: Dagger            |     5 |    19 |    13 ||    37
       Long sword        |    19 |   109 |       ||   128
       Punch             |       |     1 |     4 ||     5
       Spear             |       |       |    50 ||    50
       War axe           |       |       |   112 ||   112
Throw: Boomerang         |       |    10 |     5 ||    15
       Dart              |       |       |     2 ||     2
 Cast: Magic Dart        |    79 |   145 |   214 ||   438
       Blink             |       |     2 |       ||     2
       Conjure Flame     |       |     3 |    21 ||    24
Evoke: Wand              |       |       |     4 ||     4
  Use: Scroll            |     4 |     2 |     4 ||    10
       Potion            |       |     3 |     1 ||     4
Armor: Robe              |    14 |   103 |    74 ||   191
Dodge: Dodged            |    18 |   117 |   108 ||   243
